 Dungeon Sprint DCSS version 0.19-a0-1851-g3228ea0 (webtiles) character file.

20 Loading the Basher (level 2, -15/32 HPs)
             Began as an Ogre Fighter on Oct 10, 2016.
             Was an Initiate of Qazlal.
             Demolished by a death cob (22 damage)
             ... in the Dungeon (Sprint V: "Ziggurat Sprint").
             The game lasted 00:01:59 (113 turns).

Loading the Basher (Ogre Fighter)                    Turns: 113, Time: 00:02:00

Health: -15/32     AC: 18    Str: 20    XL:     2   Next: 79%
Magic:  2/2        EV:  1    Int:  7    God:    Qazlal [......]
Gold:   0          SH:  0    Dex: 21    Spells: 0 memorised, 1 level left

rFire  + + +     SeeInvis .     I - +7 great mace "Firestarter" {inner flame, rF++}
rCold  + . .     Gourm    .     a - +5 gold dragon scales
rNeg   . . .     Faith    .     (shield currently unavailable)
rPois  +         Spirit   .     (helmet restricted)
rElec  .         Dismiss  .     (no cloak)
rCorr  .         Reflect  .     (gloves unavailable)
MR     .....     Harm     .     (boots unavailable)
Stlth  .......... NoTele   +    (no amulet)
                                x - +6 ring of dexterity
                                y - +6 ring of dexterity

@: slowed, very slow
A: unfitting armour, tough skin 1
a: Renounce Religion


You were in the Dungeon.
You worshipped Qazlal.
Qazlal was noncommittal.
You were not hungry.

You visited 1 branch

Inventory:

Hand Weapons
 I - the +7 great mace "Firestarter" (weapon) {inner flame, rF++}
   (You found it in the Dungeon)

   It has been specially enchanted to burn those struck by it, causing extra
   injury to most foes and up to half again as much damage against particularly
   susceptible opponents.
   It greatly protects you from fire.
 J - the +6 shillelagh "Devastator" {shatter}
   (You found it in the Dungeon)
Armour
 a - +5 gold dragon scales (worn)
 H - the +18 shield of the Gong {rElec rN+ MR+ EV-5}
   (You found it in the Dungeon)

   It affects your evasion (-5).
   It insulates you from electricity.
   It protects you from negative energy.
   It affects your resistance to hostile enchantments.
Jewellery
 x - a +6 ring of dexterity (right hand)
 y - a +6 ring of dexterity (left hand)
 z - a +6 ring of intelligence
 A - a +6 ring of intelligence
 B - a +6 ring of strength
 C - a +6 ring of strength
Wands
 D - a wand of disintegration (7/24)
 E - a wand of iceblast (5/15)
 F - a wand of lightning (5/15)
 G - a wand of acid (5/15)
Scrolls
 k - 4 scrolls of blinking
 o - 4 scrolls of amnesia
 p - 3 scrolls of recharging
 q - 7 scrolls of fog
 r - a scroll of holy word
 s - 5 scrolls of identify
 t - 5 scrolls of remove curse
 u - 2 scrolls of fear
Potions
 b - 2 potions of brilliance
 c - 2 potions of invisibility
 d - 6 potions of might
 e - 10 potions of curing
 g - 10 potions of heal wounds
 h - 6 potions of haste
 i - 7 potions of magic
 j - 3 potions of berserk rage
 l - 4 potions of resistance
 n - 5 potions of agility
Comestibles
 f - 5 bread rations
 v - 42 fruits
 w - 4 meat rations


   Skills:
 + Level 4.1 Fighting
 * Level 10.1 Maces & Flails
 + Level 0.2 Armour
 + Level 2.8 Dodging
 + Level 2.9 Shields
 * Level 1.0 Invocations


You had one spell level left.
You didn't know any spells.

Dungeon Overview and Level Annotations

Branches:
Dungeon (1/1)

Altars:
Ashenzari
Cheibriados
Dithmenos
Elyvilon
Fedhas
Gozag
Hepliaklqana
Kikubaaqudgha
Makhleb
Nemelex Xobeh
Okawaru
Qazlal
Ru
Sif Muna
Trog
Uskayaw
Vehumet
Xom
Yredelemnul
Zin
The Shining One
Beogh
Jiyva
Lugonu


Innate Abilities, Weirdness & Mutations

You are too large for most types of armour.
You have tough skin. (AC +1)


Message History

Unknown command.
You sock the shadow imp! You burn the shadow imp.
You kill the shadow imp!
Qazlal accepts your kill.
Your Invocations skill increases to level 1!
No target in view!
Unknown command.
No target in view!
Your surroundings seem different!
Welcome to arena 2.
A draconian, a black draconian and a death cob come into view.
The draconian roars!
The death cob gives a chilling moan.
The draconian picks up a +7 blowgun.
The draconian wields a +7 blowgun.
Found a +2 vampiric trident and an uncursed staff of earth.
The death cob hits you!!
Ouch! That really hurt!
* * * LOW HITPOINT WARNING * * *
The death cob drains your vigour!
You feel yourself slow down. The death cob hits you!!
Ouch! That really hurt!
You die...

▓▓▓▓▓▓▓▓▓▓▓▓▓
▓.8©8.▓.8©8.▓
▓..)|.▓.....▓
▓..d..▓.[.[.▓
▓..d..▓.....▓
▓..z..▓.....▓
▓..@..▓.....▓
▓.....▓▓▓▓▓▓▓
▓▓▓▓▓▓▓


You could see a black draconian, a death cob and a draconian.

Vanquished Creatures
  A shadow imp (D)
  An ufetubus (D)
2 creatures vanquished.

Notes
Turn   | Place    | Note
-------+----------+-------------------------------------------
     0 | D        | Loading the Ogre Fighter began the quest for the Orb.
     0 | D        | Reached XP level 1. HP: 24/24 MP: 1/1
    25 | D        | Found a deep blue altar of Sif Muna.
    25 | D        | Found a bloodstained altar of Trog.
    25 | D        | Found a sacrificial altar of Ru.
    25 | D        | Found a stormy altar of Qazlal.
    25 | D        | Found an iron altar of Okawaru.
    26 | D        | Found a sparkling altar of Nemelex Xobeh.
    26 | D        | Found a blossoming altar of Fedhas.
    28 | D        | Found an ancient bone altar of Kikubaaqudgha.
    28 | D        | Found a viscous altar of Jiyva.
    28 | D        | Found a corrupted altar of Lugonu.
    28 | D        | Found a hazy altar of Hepliaklqana.
    28 | D        | Found a burning altar of Makhleb.
    28 | D        | Found an opulent altar of Gozag.
    70 | D        | Became a worshipper of Qazlal Stormbringer
    95 | D        | Reached skill level 10 in Maces & Flails
    95 | D        | Reached XP level 2. HP: 32/32 MP: 2/2
   103 | D        | Entered arena 1.
   107 | D        | Reached skill level 1 in Invocations
   112 | D        | Entered arena 2.
   112 | D        | Noticed a draconian
   112 | D        | Noticed a death cob
   112 | D        | Noticed a black draconian
   113 | D        | Demolished by a death cob

Vault maps used:
D:        sprint_v

Skill      XL: |  1  2 |
---------------+-------+-----
Maces & Flails | 10 | 10.1
Invocations    | 1 |  1.0
Fighting       | |  4.1
Armour         | |  0.2
Dodging        | |  2.8
Shields        | |  2.9

Action                   || total
-------------------------++-------
Melee: Great mace        ||     4
  Use: Potion            ||     1
Armor: Gold dragon scale ||     2
